[Event "Team 45 45 League T62"]
[Site "Internet Chess Club"]
[Date "2014.09.22"]
[Round "4"]
[White "Baseta"]
[Black "zap2"]
[Result "1/2-1/2"]
[WhiteElo "1859"]
[BlackElo "1810"]
[Opening "QGD semi-Slav"]
[ECO "D43"]
[Time "08:08:43"]
[TimeControl "2700+45"]

1. d4 Nf6 2. c4 e6 3. Nf3 d5 4. Nc3 c6 5. cxd5 exd5 6. Bg5 Bf5 7. e3 Be7 8. Bd3
Bxd3 9. Qxd3 Nbd7 10. O-O O-O 11. Rab1 Re8 12. Rfc1 Ne4 13. Bf4 Ndf6 14. Ne5 Nh5
15. Nxe4 Nxf4 16. exf4 dxe4 17. Qxe4 f6 18. Nf3 Bd6 19. Qf5 Qc7 20. g3 Re2 21.
d5 c5 22. Nd4 Re7 23. Ne6 Qa5 24. a3 Rae8 25. Qd3 b5 26. Kg2 Qb6 27. Re1 Qb7 28.
Kg1 c4 29. Qd2 a5 30. Re3 b4 31. Qd4 Rc8 32. axb4 axb4 33. Rc1 Qa6 34. Re4 c3
35. bxc3 bxc3 36. Rxc3 Qa1+ 37. Kg2 Qxc3 38. Qb6 Qa3 39. Re3 Qb4 40. Qa6 Qc4 41.
Qxd6 {Game drawn by mutual agreement} 1/2-1/2

[Event "Team 45 45 League T62"]
[Site "Internet Chess Club"]
[Date "2014.09.20"]
[Round "4"]
[White "Salvatore"]
[Black "frank001"]
[Result "0-1"]
[WhiteElo "1652"]
[BlackElo "1744"]
[Opening "Robatsch defense: two knights variation"]
[ECO "B06"]
[Time "20:04:36"]
[TimeControl "2700+45"]

1. e4 g6 2. d4 Bg7 3. Nc3 d6 4. Nf3 a6 5. a3 b5 6. Be2 Bb7 7. Bg5 Nd7 8. Qd2 h6
9. Bh4 g5 10. Bg3 c5 11. d5 Ngf6 12. O-O O-O 13. Rad1 Nh5 14. Rfe1 Nxg3 15. hxg3
Ne5 16. Nh2 Ng6 17. Bh5 Qd7 18. Bg4 Qc7 19. Bh5 Bc8 20. Ne2 Bxb2 21. c3 Bxa3 22.
f4 gxf4 23. Nxf4 Kh7 24. Nxg6 fxg6 25. Bg4 b4 26. c4 Bxg4 27. Nxg4 g5 28. Qd3
Kg7 29. e5 Qd7 30. e6 Qe8 31. Ne3 Qg6 32. Qe2 Rf6 33. Rf1 Raf8 34. Ng4 Rxf1+ 35.
Rxf1 Rxf1+ 36. Qxf1 Bb2 37. Qd1 Bd4+ 38. Kf1 a5 39. Nh2 Qf5+ 40. Nf3 g4 41. Qa4
gxf3 42. Qe8 fxg2+ 43. Kxg2 Qf8 44. Qh5 Qf2+ 45. Kh3 Qf1+ {White resigns} 0-1

[Event "Team 45 45 League T62"]
[Site "Internet Chess Club"]
[Date "2014.09.22"]
[Round "4"]
[White "olivermx"]
[Black "kutch"]
[Result "0-1"]
[WhiteElo "1376"]
[BlackElo "1467"]
[Opening "Ruy Lopez: Anderssen variation"]
[ECO "C77"]
[Time "21:00:56"]
[TimeControl "2700+45"]

1. e4 e5 2. Nf3 Nc6 3. Bb5 a6 4. Ba4 Nf6 5. d3 Bc5 6. c3 b5 7. Bc2 h6 8. O-O d6
9. Re1 O-O 10. d4 Bb6 11. Be3 Ng4 12. Nbd2 Nxe3 13. fxe3 Bg4 14. d5 Ne7 15. Nf1
Qd7 16. Qe2 Ng6 17. Kh1 Nh4 18. N1d2 Qe7 19. Qf2 Nxf3 20. Nxf3 Qf6 21. Rf1 Bxf3
22. Qxf3 Qg5 23. Rae1 g6 24. Bd1 f5 25. exf5 Rxf5 26. Qh3 Raf8 27. Rxf5 Rxf5 28.
Bg4 Rf6 29. e4 Qd2 30. Rd1 Qxd1+ {White resigns} 0-1

[Event "Team 45 45 League T62"]
[Site "Internet Chess Club"]
[Date "2014.09.21"]
[Round "4"]
[White "seattleblues"]
[Black "Andressa"]
[Result "1-0"]
[WhiteElo "1451"]
[BlackElo "1461"]
[Opening "Queen's pawn, Mason variation"]
[ECO "D00"]
[Time "21:06:56"]
[TimeControl "2700+45"]

1. d4 d5 2. Bf4 Nf6 3. e3 Nbd7 4. Bd3 e6 5. Nd2 c5 6. c3 c4 7. Bc2 b5 8. a3 Be7
9. h3 O-O 10. Ngf3 Bb7 11. Ne5 a5 12. Ndf3 b4 13. Ng5 Nxe5 14. dxe5 Ne4 15. Bxe4
Bxg5 16. Bxh7+ Kxh7 17. Qh5+ Kg8 18. Bxg5 f6 19. exf6 Rxf6 20. Qh4 b3 21. Rd1
Kf7 22. Qh5+ Kg8 23. e4 Qf8 24. Bxf6 Qxf6 25. O-O dxe4 26. Rd7 Bd5 27. Rxd5 g6
28. Qd1 {Black resigns} 1-0

[Event "Team 45 45 League T62"]
[Site "Internet Chess Club"]
[Date "2014.09.21"]
[Round "4"]
[White "smyslovVchess"]
[Black "JustinL"]
[Result "0-1"]
[WhiteElo "1815"]
[BlackElo "1982"]
[Opening "French: advance, Nimzovich variation"]
[ECO "C02"]
[Time "17:00:15"]
[TimeControl "2700+45"]

1. e4 e6 2. d4 d5 3. e5 c5 4. Qg4 Nc6 5. Nf3 cxd4 6. Bd3 Qc7 7. Qg3 Nb4 8. O-O
Nxc2 9. Bxc2 Qxc2 10. Nxd4 Qg6 11. Nc3 Bd7 12. Be3 a6 13. a3 Ne7 14. Rac1 Nf5
15. Qxg6 hxg6 16. Nxf5 gxf5 17. b4 Be7 18. g3 f6 19. Bd4 Kf7 20. f4 Rac8 21. Na2
Bb5 22. Rfe1 Rc4 23. Rxc4 Bxc4 24. Nc3 Rc8 25. Rc1 Bd3 26. Na2 Rxc1+ 27. Nxc1
Bc4 28. Kf2 fxe5 29. fxe5 Bg5 30. Ne2 Bxe2 31. Kxe2 b5 32. Bb2 Kg6 33. Kf3 Kh5
34. h3 g6 35. h4 Be7 36. Bc1 g5 37. hxg5 Bxg5 38. Bb2 Bh6 39. Kg2 Kg4 40. Kf2 f4
41. gxf4 Bxf4 42. Ke2 Kf5 43. Kd3 Bxe5 44. Bc1 Bf4 45. Bb2 e5 {White resigns}
0-1

[Event "Team 45 45 League T62"]
[Site "Internet Chess Club"]
[Date "2014.09.24"]
[Round "4"]
[White "kidcobra"]
[Black "kllrchris"]
[Result "1/2-1/2"]
[WhiteElo "1800"]
[BlackElo "1748"]
[Opening "Sicilian: dragon, Yugoslav attack, 10.O-O-O"]
[ECO "B78"]
[Time "19:00:34"]
[TimeControl "2700+45"]

1. e4 c5 2. Nf3 d6 3. d4 cxd4 4. Nxd4 Nf6 5. Nc3 g6 6. f3 Bg7 7. Be3 O-O 8. Qd2
Nc6 9. Bc4 Bd7 10. O-O-O Rc8 11. Bb3 Ne5 12. h4 Nc4 13. Bxc4 Rxc4 14. g4 Qa5 15.
Nb3 Qc7 16. h5 Rxc3 17. bxc3 Bxg4 18. fxg4 Nxe4 19. Qd3 Nxc3 20. Bd4 Bxd4 21.
Nxd4 Qc5 22. hxg6 fxg6 23. Rdf1 Rxf1+ 24. Rxf1 Qxd4 25. Qf3 Nxa2+ 26. Kb1 Nc3+
27. Kc1 Na2+ 28. Kb1 Nc3+ 29. Kc1 Qg7 30. Qxb7 Na2+ 31. Kb1 Nc3+ 32. Kc1 Na2+
{Game drawn by mutual agreement} 1/2-1/2

[Event "Team 45 45 League T62"]
[Site "Internet Chess Club"]
[Date "2014.09.19"]
[Round "4"]
[White "Jyzzslynggur"]
[Black "Bible-Believer"]
[Result "1/2-1/2"]
[WhiteElo "1677"]
[BlackElo "1529"]
[Opening "Bird's opening"]
[ECO "A02"]
[Time "22:00:22"]
[TimeControl "2700+45"]

1. f4 d6 2. Nf3 Nc6 3. e3 Bg4 4. Be2 Bxf3 5. Bxf3 e5 6. Bxc6+ bxc6 7. Qf3 Qd7 8.
fxe5 dxe5 9. Nc3 Nf6 10. b3 Rd8 11. Ne4 Nxe4 12. Qxe4 Qd5 13. Qf3 Bb4 14. O-O
Qxf3 15. Rxf3 Bxd2 16. Ba3 Bc3 17. Raf1 f6 18. Bc5 a6 19. e4 Bd4+ 20. Bxd4 Rxd4
21. Rd3 Rxd3 22. cxd3 Kd7 23. Rc1 Kd6 24. Kf2 Rb8 25. Rc4 Rb5 26. d4 a5 27.
dxe5+ Rxe5 28. Rd4+ Ke7 29. Rc4 Kd6 30. Rd4+ Ke7 31. Rc4 Kd6 {Game drawn by
repetition} 1/2-1/2

[Event "Team 45 45 League T62"]
[Site "Internet Chess Club"]
[Date "2014.09.20"]
[Round "4"]
[White "KidRattler"]
[Black "BrianWood"]
[Result "1/2-1/2"]
[WhiteElo "1476"]
[BlackElo "1487"]
[Opening "Van't Kruijs opening"]
[ECO "A00"]
[Time "19:03:31"]
[TimeControl "2700+45"]

1. e3 d5 2. d3 e6 3. b3 Nf6 4. Bb2 c5 5. Nd2 Nc6 6. g3 Be7 7. Bg2 O-O 8. Ne2 Qc7
9. a3 e5 10. O-O Be6 11. e4 d4 12. Nf3 h6 13. Re1 Nd7 14. c4 f5 15. Nd2 f4 16.
f3 Rf6 {Game drawn by mutual agreement} 1/2-1/2

[Event "Team 45 45 League T62"]
[Site "Internet Chess Club"]
[Date "2014.09.23"]
[Round "4"]
[White "amicusUK"]
[Black "RD1974"]
[Result "1-0"]
[WhiteElo "1665"]
[BlackElo "1643"]
[Opening "Queen's pawn game"]
[ECO "D05"]
[Time "17:16:36"]
[TimeControl "2700+45"]

1. d4 Nf6 2. Nf3 e6 3. e3 d5 4. Bd3 b6 5. Nbd2 Ba6 6. Bxa6 Nxa6 7. c3 Nb8 8. Ne5
c6 9. O-O Bd6 10. f4 O-O 11. Qf3 Qc7 12. g4 Nbd7 13. g5 Ne8 14. Qh3 Nxe5 15.
dxe5 Bxe5 16. fxe5 Qxe5 17. Nf3 Qc7 18. b3 Rd8 19. Ba3 c5 20. g6 hxg6 21. Ng5
Nf6 22. Rxf6 Rfe8 23. Qh7+ Kf8 24. Rxf7+ Qxf7 25. Nxf7 Kxf7 26. Rf1+ Ke7 27.
Qxg7+ Kd6 28. Qxa7 {Black resigns} 1-0

[Event "Team 45 45 League T62"]
[Site "Internet Chess Club"]
[Date "2014.09.21"]
[Round "4"]
[White "losscause"]
[Black "Pierrekurdy"]
[Result "0-1"]
[WhiteElo "1597"]
[BlackElo "1632"]
[Opening "King's Indian: Kramer system"]
[ECO "E70"]
[Time "15:03:34"]
[TimeControl "2700+45"]

1. d4 d6 2. c4 Nf6 3. Nc3 g6 4. e4 Bg7 5. Nge2 O-O 6. Ng3 c6 7. d5 Na6 8. Be2
Nc7 9. h4 h5 10. Bg5 Bg4 11. f3 Bd7 12. Qb3 Nh7 13. Be3 b6 14. a4 c5 15. Bd3 Na6
16. Nge2 Nb4 17. Kd2 e6 18. Nc1 f5 19. dxe6 Nxd3 20. Nxd3 Bxe6 21. Ke2 fxe4 22.
Nxe4 d5 23. Nd2 d4 24. Bf2 Qe7 25. Kf1 Rae8 26. Re1 Qc7 27. Ne4 Nf6 28. Bg3 Nxe4
{White resigns} 0-1

[Event "Team 45 45 League T62"]
[Site "Internet Chess Club"]
[Date "2014.09.21"]
[Round "4"]
[White "KnightOfLight"]
[Black "ausya"]
[Result "0-1"]
[WhiteElo "1627"]
[BlackElo "1743"]
[Opening "Caro-Kann: Panov-Botvinnik attack, 5...g6"]
[ECO "B14"]
[Time "19:02:12"]
[TimeControl "2700+45"]

1. d4 Nf6 2. c4 c5 3. e3 g6 4. Nc3 cxd4 5. exd4 d5 6. c5 Nc6 7. Bb5 Bg7 8. Nf3
O-O 9. Bxc6 bxc6 10. Ne5 Qc7 11. O-O Nd7 12. f4 f6 13. Nf3 e5 14. fxe5 fxe5 15.
Be3 e4 16. Ng5 Nf6 17. Bf4 Qb7 18. Bd6 Re8 19. Be5 Ng4 20. Rf7 Re7 21. Rxg7+
Rxg7 22. Bxg7 Qxg7 23. Qa4 Bd7 24. Rf1 Qh6 25. Nh3 Ne3 26. Rf2 Bxh3 27. gxh3
Qg5+ 28. Kh1 Rf8 {White resigns} 0-1

[Event "Team 45 45 League T62"]
[Site "Internet Chess Club"]
[Date "2014.09.20"]
[Round "4"]
[White "anna"]
[Black "Betamax"]
[Result "0-1"]
[WhiteElo "1767"]
[BlackElo "1594"]
[Opening "Sicilian: Alapin's variation (2.c3)"]
[ECO "B22"]
[Time "14:00:26"]
[TimeControl "2700+45"]

1. e4 c5 2. c3 e6 3. d4 cxd4 4. cxd4 d5 5. e5 Nc6 6. Nf3 Nge7 7. Nbd2 Qb6 8. Nb3
Nf5 9. Bd3 Bb4+ 10. Bd2 Nfxd4 11. Nbxd4 Nxd4 12. Nxd4 Qxd4 13. Qa4+ Bd7 14. Qxb4
Qxd3 15. Bg5 Qe4+ 16. Qxe4 dxe4 17. Rc1 Bc6 18. Ke2 O-O 19. Rhd1 Rac8 20. f4
exf3+ 21. gxf3 h6 22. Bh4 g5 23. Bg3 f5 24. h4 g4 25. fxg4 fxg4 26. Rg1 h5 27.
Ke3 Rf3+ 28. Ke2 Bb5+ {White resigns} 0-1

[Event "Team 45 45 League T62"]
[Site "Internet Chess Club"]
[Date "2014.09.18"]
[Round "4"]
[White "venanzio"]
[Black "tornado100"]
[Result "0-1"]
[WhiteElo "1481"]
[BlackElo "1604"]
[Opening "Sicilian defense"]
[ECO "B30"]
[Time "18:08:25"]
[TimeControl "2700+45"]

1. e4 c5 2. Nf3 Nc6 3. Be2 g6 4. c3 Bg7 5. d3 d6 6. O-O Nf6 7. h3 O-O 8. Be3 Bd7
9. Qd2 a6 10. Bh6 Rc8 11. Na3 b5 12. Nc2 Qb6 13. Bxg7 Kxg7 14. Qe3 Qb7 15. e5
Nd5 16. Qe4 Nb6 17. exd6 exd6 18. Qh4 h6 19. Nh2 g5 20. Qh5 Ne5 21. d4 Ng6 22.
Bf3 Qc7 23. Be4 f5 24. Bd3 c4 25. Be2 Nf4 26. Qf3 Bc6 27. Qe3 Rce8 28. Qxf4 gxf4
29. Bf3 Bxf3 30. Nxf3 Nd5 31. Rae1 {White resigns} 0-1

[Event "Team 45 45 League T62"]
[Site "Internet Chess Club"]
[Date "2014.09.21"]
[Round "4"]
[White "bluesun"]
[Black "Lrn2Mate"]
[Result "0-1"]
[WhiteElo "1452"]
[BlackElo "1492"]
[Opening "Scandinavian (center counter) defense"]
[ECO "B01"]
[Time "14:30:43"]
[TimeControl "2700+45"]

1. e4 d5 2. exd5 Qxd5 3. Nc3 Qd8 4. Nf3 Nf6 5. Bc4 a6 6. a4 Nc6 7. O-O Bf5 8. d4
Nb4 9. Ne5 e6 10. Nd3 Qxd4 11. Nxb4 Qxd1 12. Rxd1 Bxb4 13. Bb3 O-O 14. Bf4 Bxc3
15. bxc3 c6 16. f3 Nd5 17. Bxd5 cxd5 18. Rd2 Rfc8 19. Ra3 b5 20. a5 Rc4 21. g3
Rac8 22. Be5 f6 23. Bd6 Rxc3 24. Rxc3 Rxc3 25. g4 Bg6 26. Kf2 Rxc2 27. Rxc2 Bxc2
28. Ke3 Bb3 29. f4 Kf7 30. Kd4 Ke8 31. Kc5 Kd7 32. Bf8 g6 33. Bg7 f5 34. gxf5
gxf5 35. Kb6 Bc4 36. Kxa6 Kc6 37. Ka7 b4 38. a6 b3 39. Bd4 h5 40. h4 Bb5 41. Bc3
Kc5 42. Bb2 d4 43. Kb7 Bxa6+ 44. Kxa6 d3 45. Bc1 b2 46. Be3+ Kd5 47. Ka7 b1=Q
48. Ka8 Kc6 49. Bb6 Kxb6 50. Kb8 Kc6+ 51. Kc8 Qb7+ 52. Kd8 Qd7# {White
checkmated} 0-1

[Event "Team 45 45 League T62"]
[Site "Internet Chess Club"]
[Date "2014.09.18"]
[Round "4"]
[White "cyborg86"]
[Black "TerryMalloy"]
[Result "0-1"]
[WhiteElo "1888"]
[BlackElo "1896"]
[Opening "Sicilian: Canal-Sokolsky (Nimzovich-Rossolimo, Moscow) attack"]
[ECO "B51"]
[Time "18:11:01"]
[TimeControl "2700+45"]

1. e4 c5 2. Nf3 d6 3. Bb5+ Nd7 4. c3 Nf6 5. Qe2 a6 6. Ba4 e5 7. O-O Be7 8. d4
O-O 9. Nbd2 b5 10. Bc2 Qc7 11. dxe5 dxe5 12. Rd1 Bb7 13. Nf1 c4 14. Ng3 Rfd8 15.
Nf5 Bf8 16. Bg5 h6 17. Bh4 Qb6 18. Bg3 Qe6 19. b4 g6 20. N5h4 Nh5 21. Rd2 a5 22.
bxa5 Nxg3 23. hxg3 Rxa5 24. a4 Bc6 25. Bb1 Be7 26. Qd1 Rda8 27. Ne1 Nc5 {White
resigns} 0-1

[Event "Team 45 45 League T62"]
[Site "Internet Chess Club"]
[Date "2014.09.20"]
[Round "4"]
[White "fledermaus"]
[Black "junard"]
[Result "0-1"]
[WhiteElo "1909"]
[BlackElo "2063"]
[Opening "QGD Slav: 4.Nc3"]
[ECO "D15"]
[Time "07:13:25"]
[TimeControl "2700+45"]

1. d4 d5 2. c4 c6 3. Nf3 Nf6 4. Nc3 a6 5. e3 b5 6. b3 Bg4 7. Be2 e6 8. Bb2 Nbd7
9. O-O Bd6 10. h3 Bh5 11. Ne1 Bg6 12. Bd3 b4 13. Ne2 a5 14. Nf4 Bxf4 15. exf4
O-O 16. Bxg6 hxg6 17. Qc2 Rc8 18. Nd3 Ne4 19. Ne5 Nxe5 20. fxe5 Qe7 21. Kh2 Rfd8
22. f3 Ng5 23. Rac1 Nh7 24. Qe2 Qb7 25. cxd5 cxd5 26. f4 Rxc1 27. Rxc1 Rc8 28.
Rd1 Rc6 29. Rd2 Qc7 30. g4 Nf8 31. Kg2 Nd7 32. Qd3 Nb6 33. Rf2 a4 34. bxa4 Nxa4
35. Qb3 Qa5 36. Rc2 Rc4 37. f5 gxf5 38. gxf5 Qb5 39. fxe6 fxe6 40. Rf2 Qe8 41.
Kh2 Nxb2 42. Qxb2 Qg6 43. Rg2 Qe4 44. Rd2 Qe3 45. Rg2 Rxd4 46. Qc2 Qf4+ 47. Kh1
Rc4 48. Qe2 Qf5 49. Kh2 Re4 {White resigns} 0-1

[Event "Team 45 45 League T62"]
[Site "Internet Chess Club"]
[Date "2014.09.25"]
[Round "4"]
[White "tamtu"]
[Black "SaltofLife"]
[Result "1/2-1/2"]
[WhiteElo "2057"]
[BlackElo "1941"]
[Opening "Nimzo-Indian: Reshevsky variation"]
[ECO "E46"]
[Time "05:12:49"]
[TimeControl "2700+45"]

1. d4 Nf6 2. c4 e6 3. Nc3 Bb4 4. e3 O-O 5. Ne2 Re8 6. a3 Bf8 7. e4 d5 8. e5 Nfd7
9. cxd5 exd5 10. g3 c5 11. Bg2 cxd4 12. Qxd4 Nc6 13. Qxd5 Ndxe5 14. Qxd8 Rxd8
15. O-O Nd3 16. Bg5 f6 17. Bc1 Be6 18. Nf4 Bc4 19. Nxd3 Rxd3 20. Re1 Rc8 21. Be3
Nd4 22. Rac1 Nb3 23. Rc2 Nd4 24. Rcc1 Nb3 25. Rcd1 Rxd1 26. Rxd1 Bc5 27. Bxb7
Rb8 28. Bd5+ Bxd5 29. Nxd5 Bxe3 30. Nxe3 a5 31. Rd7 Nc5 32. Rd5 Na4 33. Rxa5
Nxb2 34. Ra7 Nd3 35. Nc4 Rb1+ 36. Kg2 Ne1+ 37. Kf1 Nf3+ 38. Kg2 Ne1+ 39. Kh3 Nf3
40. a4 h5 41. Kg2 Ne1+ 42. Kf1 Nf3+ 43. Ke2 Nxh2 44. a5 g5 45. a6 Ra1 46. Ra8+
Kg7 47. a7 Ra2+ 48. Kd3 Ng4 49. f3 Ne5+ 50. Nxe5 fxe5 51. Ke4 h4 52. gxh4 gxh4
53. Kxe5 h3 54. Rc8 Rxa7 55. Rc2 Kg6 56. Rh2 Ra5+ 57. Kf4 Rh5 58. Kg4 Rh8 59. f4
Kf6 60. Rxh3 Rxh3 61. Kxh3 Kf5 62. Kg3 Kf6 63. Kg4 Kg6 64. f5+ Kf6 65. Kf4 Kf7
66. Ke5 Ke7 67. f6+ Kf7 68. Kf5 Kf8 69. Kg6 Kg8 70. Kg5 Kf7 71. Kf5 Kf8 72. Ke6
Ke8 73. f7+ Kf8 74. Kf6 {Black stalemated} 1/2-1/2

[Event "Team 45 45 League T62"]
[Site "Internet Chess Club"]
[Date "2014.09.22"]
[Round "4"]
[White "jonesey"]
[Black "chess09"]
[Result "1-0"]
[WhiteElo "1881"]
[BlackElo "1930"]
[Opening "Queen's pawn game"]
[ECO "D04"]
[Time "19:00:23"]
[TimeControl "2700+45"]

1. d4 d5 2. Nf3 Nf6 3. e3 g6 4. c4 c6 5. Nc3 Bg7 6. Qb3 O-O 7. h4 dxc4 8. Bxc4
b5 9. Bxf7+ Rxf7 10. Ng5 e6 11. Nxf7 Kxf7 12. Bd2 a5 13. f3 Nbd7 14. a4 b4 15.
Ne4 Nxe4 16. fxe4 Ba6 17. Rc1 c5 18. Rh3 c4 19. Qd1 Kg8 20. Qg4 Qe7 21. e5 Nb6
22. h5 Rf8 23. Rf3 Rxf3 24. gxf3 gxh5 25. Qxh5 Nxa4 26. Ra1 Qd7 27. Kf2 Qb5 28.
Qg4 c3 29. Qxe6+ Kh8 30. bxc3 bxc3 31. Rb1 Qe2+ 32. Kg3 h5 33. Qe8+ Kh7 34.
Qxh5+ Bh6 35. Qf7+ Bg7 36. Rh1+ {Black resigns} 1-0

[Event "Team 45 45 League T62"]
[Site "Internet Chess Club"]
[Date "2014.09.22"]
[Round "4"]
[White "alexfer"]
[Black "NFork"]
[Result "0-1"]
[WhiteElo "2017"]
[BlackElo "2191"]
[Opening "Old Benoni: Franco-Benoni defense"]
[ECO "A43"]
[Time "16:34:52"]
[TimeControl "2700+45"]

1. d4 c5 2. d5 e6 3. e4 exd5 4. exd5 d6 5. Nc3 a6 6. a4 Nf6 7. Nf3 g6 8. Be2 Bg7
9. O-O O-O 10. Nd2 Nbd7 11. a5 b5 12. axb6 Nxb6 13. Nc4 Bb7 14. Bf4 Nxc4 15.
Bxc4 Nh5 16. Bd2 Qh4 17. Qe2 Rfe8 18. Qd3 Bc8 19. Bxa6 Bf5 20. Qc4 Qxc4 21. Bxc4
Bxc2 22. Bb5 Rxa1 23. Rxa1 Rb8 24. Rc1 Bxc3 25. Bxc3 Rxb5 26. Rxc2 Nf4 27. Rd2
c4 28. g3 Nxd5 29. Rd4 Nxc3 30. bxc3 d5 31. Kg2 f6 32. Kf3 Kf7 33. Kf4 Rb2 34.
Ke3 Ke6 35. Rd1 Rc2 36. Kd4 Rxf2 37. Re1+ Kd6 38. Ke3 Rxh2 39. Ra1 Rc2 40. Ra6+
Ke5 41. Ra3 Rxc3+ {White resigns} 0-1

[Event "Team 45 45 League T62"]
[Site "Internet Chess Club"]
[Date "2014.09.21"]
[Round "4"]
[White "SlimeDog2"]
[Black "Agarnez"]
[Result "1-0"]
[WhiteElo "2081"]
[BlackElo "1996"]
[Opening "QGD: Semi-Tarrasch, 5.cd"]
[ECO "D41"]
[Time "19:01:13"]
[TimeControl "2700+45"]

1. Nf3 Nf6 2. c4 e6 3. Nc3 d5 4. d4 c5 5. cxd5 Nxd5 6. e4 Nxc3 7. bxc3 cxd4 8.
cxd4 Nc6 9. Bc4 b5 10. Be2 Bb4+ 11. Bd2 Bxd2+ 12. Qxd2 a6 13. a4 bxa4 14. O-O
O-O 15. Rxa4 Bb7 16. Rb1 Ra7 17. Qc2 Qa8 18. d5 exd5 19. exd5 Ne7 20. d6 Ng6 21.
Rd4 Bc6 22. Rc1 Bb5 23. Bd3 Rd8 24. Bxg6 hxg6 25. Ne5 Qb8 26. Qc5 Rb7 27. d7 Rb6
28. Qe7 Rf6 29. Qxd8+ Qxd8 30. Rc8 {Black resigns} 1-0

[Event "Team 45 45 League T62"]
[Site "Internet Chess Club"]
[Date "2014.09.19"]
[Round "4"]
[White "zachi"]
[Black "Goli"]
[Result "0-1"]
[WhiteElo "1814"]
[BlackElo "1872"]
[Opening "Robatsch (modern) defense"]
[ECO "B06"]
[Time "16:47:06"]
[TimeControl "2700+45"]

1. e4 g6 2. Bc4 Bg7 3. Nc3 d6 4. d3 Nf6 5. Nf3 O-O 6. Bg5 e5 7. Qd2 Bg4 8. Qe3
c6 9. h3 Bxf3 10. Qxf3 Nbd7 11. h4 h6 12. Bd2 b5 13. Bb3 a5 14. a4 b4 15. Ne2
Nc5 16. Bc4 d5 17. exd5 cxd5 18. Bb5 e4 19. dxe4 Nfxe4 20. O-O-O Rc8 21. Be3
Nb3+ 22. Kb1 Qc7 23. Bd3 Qe5 24. c3 bxc3 25. bxc3 Nxc3+ 26. Nxc3 Qxc3 {White
resigns} 0-1

[Event "Team 45 45 League T62"]
[Site "Internet Chess Club"]
[Date "2014.09.21"]
[Round "4"]
[White "jt2000"]
[Black "backrankbrawler"]
[Result "1-0"]
[WhiteElo "1943"]
[BlackElo "1766"]
[Opening "Two knights defense"]
[ECO "C58"]
[Time "21:18:54"]
[TimeControl "2700+45"]

1. e4 e5 2. Nf3 Nc6 3. Bc4 Nf6 4. Ng5 d5 5. exd5 Na5 6. Bb5+ c6 7. dxc6 bxc6 8.
Bd3 h6 9. Ne4 Nxe4 10. Bxe4 Bc5 11. d3 O-O 12. Be3 Bxe3 13. fxe3 Qb6 14. Qd2
Qxb2 15. O-O Qb6 16. Nc3 f5 17. Rab1 Qc7 18. Bf3 Be6 19. Rb2 Rad8 20. Qe2 e4 21.
Bh5 Rf6 22. g4 g6 23. Nxe4 Rff8 24. gxf5 Bxf5 25. Bf3 Qe7 26. Ng3 Bh3 27. Bg2
Rxf1+ 28. Nxf1 Qg5 29. Ng3 Bxg2 30. Kxg2 h5 31. Kh1 Re8 32. Ne4 Qe5 33. Rb1 Nc4
34. Rf1 Re6 35. Qf3 Nd6 36. Qf8+ Kh7 37. Nxd6 {Black resigns} 1-0

[Event "Team 45 45 League T62"]
[Site "Internet Chess Club"]
[Date "2014.09.21"]
[Round "4"]
[White "SlimeDog2"]
[Black "DARKwizard1"]
[Result "1-0"]
[WhiteElo "2068"]
[BlackElo "2050"]
[Opening "English: symmetrical variation"]
[ECO "A38"]
[Time "15:01:55"]
[TimeControl "2700+45"]

1. Nf3 Nf6 2. c4 c5 3. g3 g6 4. Bg2 Bg7 5. Nc3 Nc6 6. d4 cxd4 7. Nxd4 Qb6 8. Nb3
O-O 9. c5 Qc7 10. O-O Rd8 11. Bf4 e5 12. Bg5 Re8 13. Nb5 Qd8 14. Nd6 Rf8 15. Ne4
Qe7 16. Bh3 Nd8 17. Qc1 Ne6 18. Bh4 b6 19. cxb6 axb6 20. Rd1 Bb7 21. Bxf6 Bxf6
22. Rxd7 Bxe4 23. Rxe7 Bxe7 24. Qe3 Ng5 25. Bg2 Bxg2 26. Kxg2 f6 27. Qxb6 Rfb8
28. Qc6 Ra7 29. a4 Kg7 30. Qd5 Rab7 31. Na5 Rxb2 32. Qd7 Kf8 33. Nc6 R8b7 34.
Qc8+ Kg7 35. a5 Bc5 36. a6 Rf7 37. Nd8 Rxe2 38. Qxc5 {Black resigns} 1-0

[Event "Team 45 45 League T62"]
[Site "Internet Chess Club"]
[Date "2014.09.22"]
[Round "4"]
[White "LittleButton"]
[Black "sharky123"]
[Result "1-0"]
[WhiteElo "1919"]
[BlackElo "1766"]
[Opening "QGD Slav: exchange variation"]
[ECO "D13"]
[Time "03:02:49"]
[TimeControl "2700+45"]

1. d4 d5 2. Nf3 Nf6 3. c4 c6 4. cxd5 cxd5 5. Bf4 Nc6 6. Nc3 Qb6 7. a3 Bg4 8. Na4
Qa5+ 9. b4 Qd8 10. e3 Nh5 11. Be5 f6 12. Bg3 e5 13. dxe5 fxe5 14. Bh4 Bxf3 15.
Qxf3 Qxh4 16. Qxd5 Rd8 17. Qb3 Be7 18. Bc4 Rf8 19. O-O a6 20. Nb6 Nf6 21. b5 Na5
22. Qa4 Nxc4 23. Nxc4 Nd7 24. Nd6+ Bxd6 25. Qxh4 Nf6 26. bxa6 bxa6 27. Qa4+ Kf7
28. Qc4+ Ke7 29. Qxa6 Rd7 30. Rfb1 Rfd8 31. Rb7 Kf8 32. Rxd7 Rxd7 33. Rd1 Ke7
34. g3 g6 35. a4 {Black resigns} 1-0

[Event "Team 45 45 League T62"]
[Site "Internet Chess Club"]
[Date "2014.09.19"]
[Round "4"]
[White "Holzschlange"]
[Black "chessjav"]
[Result "1/2-1/2"]
[WhiteElo "1807"]
[BlackElo "1897"]
[Opening "English: symmetrical, main line with d4"]
[ECO "A39"]
[Time "21:18:47"]
[TimeControl "2700+45"]

1. Nf3 Nf6 2. c4 g6 3. g3 Bg7 4. Bg2 O-O 5. O-O c5 6. Nc3 Nc6 7. d4 cxd4 8. Nxd4
Qb6 9. e3 d6 10. b3 Bd7 11. Bb2 Rac8 12. Nd5 Nxd5 13. Bxd5 e6 14. Bg2 Rfd8 15.
Nxc6 Bxc6 16. Bxg7 Bxg2 17. Kxg2 Qc6+ 18. Kg1 Kxg7 19. Qd4+ Kg8 20. Qxa7 d5 21.
Rfc1 b5 22. cxb5 Qxb5 23. Qd4 Re8 24. Qb2 Rb8 25. Rc7 e5 26. Rac1 Rbd8 27. a4
Qb4 28. Qc3 Qb8 29. a5 d4 30. Qc4 Rf8 31. a6 d3 32. Rd1 d2 33. Qc3 e4 34. a7 Qb6
35. b4 Rd3 36. Qc5 Qe6 37. Qxf8+ Kxf8 38. a8=Q+ Kg7 39. Qc6 Qb3 40. Rxd2 Rxd2
41. Qc3+ Qxc3 42. Rxc3 Rb2 43. Rc4 f5 44. g4 Kf6 45. Kg2 Kg5 46. Kg3 Kh6 47. h4
Rb1 48. gxf5 gxf5 49. Kf4 Kg6 50. Rc6+ Kh5 51. Kxf5 Rxb4 52. Re6 Rb2 53. Rxe4
Rxf2+ 54. Rf4 Rxf4+ 55. Kxf4 Kg6 56. Ke5 Kh5 57. Kf5 Kxh4 58. e4 Kg3 59. Kg5 h5
60. e5 h4 61. e6 h3 62. e7 h2 {Game drawn by mutual agreement} 1/2-1/2

[Event "Team 45 45 League T62"]
[Site "Internet Chess Club"]
[Date "2014.09.20"]
[Round "4"]
[White "CaptK"]
[Black "Warpdrive"]
[Result "1-0"]
[WhiteElo "1698"]
[BlackElo "1608"]
[Opening "King's Indian, 3.Nf3"]
[ECO "E61"]
[Time "20:07:50"]
[TimeControl "2700+45"]

1. d4 Nf6 2. Nf3 g6 3. c4 Bg7 4. Nc3 O-O 5. Bf4 d6 6. e3 c5 7. h3 Nbd7 8. Be2 b6
9. O-O cxd4 10. exd4 Bb7 11. b4 Bxf3 12. Bxf3 Rb8 13. a4 e5 14. Be3 Ne8 15. Rc1
exd4 16. Bxd4 Bxd4 17. Qxd4 Qf6 18. Qxf6 Ndxf6 19. Nd5 Nxd5 20. Bxd5 a5 21. b5
Nc7 22. Rfe1 Nxd5 23. cxd5 Rbc8 24. Rc6 Rfe8 25. Rxe8+ Rxe8 26. Rxb6 Re4 27.
Rxd6 Rxa4 28. Ra6 Rd4 29. d6 Kg7 30. Rxa5 Rxd6 31. Kf1 Rd2 32. Ra6 Rb2 33. b6
Kf6 34. b7+ Ke5 35. Ra7 Ke6 36. g3 f5 37. Kg2 Kd5 38. Kf3 g5 39. b8=Q Rxb8 40.
Rxh7 Ke5 41. Rh5 Kf6 42. h4 gxh4 43. gxh4 Rb3+ 44. Kg2 Rb4 45. f3 Rf4 46. Kg3
Rb4 47. Rh8 Kg7 48. Rd8 Kg6 49. Rd5 Rc4 50. h5+ Kxh5 51. Rxf5+ Kg6 52. Ra5 Rc6
53. Kg4 Rc4+ 54. f4 Rc6 55. Rg5+ Kf6 56. Rh5 Kf7 57. Kg5 Rg6+ 58. Kf5 Rf6+ 59.
Ke5 Re6+ 60. Kd5 Ra6 61. f5 Ra5+ 62. Ke4 Ra4+ 63. Ke5 Ra5+ 64. Kf4 Ra6 65. Rh7+
Kf8 66. Kg5 Rb6 67. f6 Rb4 68. Kg6 Rg4+ 69. Kf5 Rb4 70. Ke6 Rb6+ 71. Kf5 Rb5+
72. Kg6 {Black resigns} 1-0